 Dungeon Crawl Stone Soup version 0.30-b1-2-g02819fbbbe (webtiles) character file.

Game seed: 8176613779177017901

284 suse60 the Chopper (level 6, 0/57 HPs)
             Began as a Minotaur Gladiator on July 2, 2023.
             Slain by a gnoll
             ... wielding a +0 spear
              (5 damage)
             ... on level 3 of the Dungeon.
             The game lasted 00:07:09 (1903 turns).

suse60 the Chopper (Minotaur Gladiator)             Turns: 1903, Time: 00:07:09

Health: 0/57       AC:  3    Str: 21    XL:     6   Next: 7%
Magic:  5/5        EV: 12    Int:  5    God:
Gold:   195        SH:  0    Dex: 11    Spells: 5/5 levels left

rFire   . . .        a - +1 war axe
rCold   . . .        (no shield)
rNeg    . . .        b - +0 leather armour
rPois   .            c - +0 hat
rElec   .            (no cloak)
rCorr   .            (no gloves)
SInv    .            (no boots)
Will    .....        (no amulet)
Stlth   +            (no ring)
HPRegen 0.29/turn    (no ring)
MPRegen 0.09/turn

%: no passive effects
@: no status effects
A: horns 2, retaliatory headbutt
a: no special abilities


You were on level 3 of the Dungeon.
You visited 1 branch of the dungeon, and saw 3 of its levels.

You collected 195 gold pieces.

Inventory:

Hand Weapons
 a - a +1 war axe (weapon)
Missiles
 d - 2 throwing nets (quivered)
 e - a javelin
Armour
 b - a +0 leather armour (worn)
 c - a +0 hat (worn)
Wands
 l - a wand of charming (7)
Potions
 f - 2 potions of curing
 g - a potion of heal wounds
 h - a potion of berserk rage {unknown}
 i - a potion of haste
 k - 3 potions of brilliance {unknown}
 m - 2 potions of mutation {unknown}


   Skills:
 + Level 5.7 Fighting
 + Level 6.3 Axes
 - Level 2.0 Throwing
 - Level 3.2 Dodging


You had 5 spell levels left.
You didn't know any spells.
Your spell library contained the following spells:

 Spells                   Type           Power      Damage    Failure   Level
 Call Canine Familiar     Summ           0%         N/A       88%         3
 Portal Projectile        Hex/Tloc       0%         N/A       88%         3
 Leda's Liquefaction      Hex/Erth       0%         N/A       99%         4


Dungeon Overview and Level Annotations

Branches:
Dungeon (3/15)

Altars:


Innate Abilities, Weirdness & Mutations

You have a pair of horns on your head.
You reflexively headbutt those who attack you in melee.


Message History

Aim: a gnoll, wielding a +0 halberd (63% to hit)
You throw a throwing net.
The throwing net barely misses the gnoll.
The throwing net hits the gnoll.
The gnoll is caught in the net!
The gnoll closely misses you.
The gnoll struggles against the net.
The gnoll hits you with a +0 halberd!
The gnoll struggles against the net.
You hit the gnoll.
The gnoll is moderately wounded.
The gnoll hits you with a +0 halberd!
The gnoll struggles against the net.
You hit the gnoll.
You headbutt the gnoll, but do no damage.
The gnoll is heavily wounded.
You hit the orc. The gnoll hits you with a +0 halberd.
The orc hits you with a +0 dagger.
The gnoll struggles against the net.
You barely miss the gnoll. You headbutt the gnoll!
You kill the gnoll!
You closely miss the orc. The orc hits you with a +0 dagger.
The gnoll struggles against the net.
The net rips apart, and the gnoll comes free!
You closely miss the orc. Your headbutt misses the orc.
The orc is severely wounded.
The orc hits you with a +0 dagger.
The gnoll hits you from afar with a +0 spear.
You barely miss the orc.
The orc is severely wounded.
The orc completely misses you.
The gnoll hits you from afar with a +0 spear!
* * * LOW HITPOINT WARNING * * *
The gnoll hits you from afar with a +0 spear.
* * * LOW HITPOINT WARNING * * *
The orc hits you but does no damage.
You closely miss the orc. You headbutt the orc.
You kill the orc!
The gnoll hits you from afar with a +0 spear.
* * * LOW HITPOINT WARNING * * *
The gnoll hits you with a +0 spear.
* * * LOW HITPOINT WARNING * * *
You see here a +0 halberd.
You closely miss the gnoll. The gnoll hits you with a +0 spear.
You die...

#[...≈≈#.. #########
#....≈≈#.g #........
#....~≈#####≈~~~~~≈≈
#....~≈≈≈≈≈≈≈≈≈≈≈~≈≈
#....~~~~~~~~~~~≈~~~
##.....P.....)g..g.go
#.#####.#...#####.#.#######
#.......###.#####.#.#
######....@g........#
#..##).######### #.###..#
#.# #..# #.# #..# #.# #..#
#.# #..# #. #..# #..#


You could see a gnoll.

Vanquished Creatures
  A howler monkey (D:3)
  A hound (D:3)
  2 jellies (D:2)
  7 gnolls
  An adder (D:2)
  A dart slug (D:3)
  2 orcs (D:3)
  11 endoplasms
  3 goblins
  5 hobgoblins
  16 jackals
  10 kobolds
  2 quokkas
  3 ball pythons
  2 bats
  2 frilled lizards (D:2)
  7 rats
76 creatures vanquished.

Vanquished Creatures (others)
  A plant (D:3)
  10 toadstools (D:2)
11 creatures vanquished.

Grand Total: 87 creatures vanquished

Notes
Turn   | Place    | Note
-------+----------+-------------------------------------------
     0 | D:1      | suse60 the Minotaur Gladiator began the quest for the Orb.
     0 | D:1      | Reached XP level 1. HP: 18/18 MP: 0/0
   145 | D:1      | Reached skill level 4 in Axes
   145 | D:1      | Reached XP level 2. HP: 21/25 MP: 1/1
   823 | D:2      | Reached XP level 3. HP: 31/31 MP: 2/2
   840 | D:2      | Reached XP level 4. HP: 23/40 MP: 3/3
  1033 | D:2      | Identified the +0 robe "Gaohai" {Regen+}
  1037 | D:2      | Reached skill level 5 in Axes
  1130 | D:2      | Found a faded altar of an unknown god.
  1379 | D:2      | Reached XP level 5. HP: 40/47 MP: 4/4
  1382 | D:2      | Reached skill level 5 in Fighting
  1698 | D:3      | Reached skill level 6 in Axes
  1715 | D:3      | Reached XP level 6. HP: 35/56 MP: 5/5
  1903 | D:3      | Slain by a gnoll

Illustrated notes

Levels and vault maps discovered:
D:1:      elethiomel_arrival_maze, layout_loops_ring
D:2:      cheibrodos_fertilizer, layout_rooms, basic_ecumenical_altar
D:3:      lemuel_castle_with_subvaults [lemuel_castle_interior_original],
          layout_loops_ring, nicolae_hepliaklqana_ecumenical_no_more,
          mainiacjoe_overflow_large_starburst, serial_shops, shop

Skill      XL: |  1  2  3  4  5 |
---------------+----------------+-----
Axes           | 4 5 6 |  6.3
Fighting       | 3 4 5 |  5.7
Throwing       | |  2.0
Dodging        | |  3.2

Action                     |  1- 3 |  4- 6 || total
---------------------------+-------+-------++-------
  Melee: War axe           |    41 |   108 ||   149
         Headbutt          |     4 |    11 ||    15
  Throw: Throwing net      |       |     1 ||     1
    Use: Scroll            |     5 |     5 ||    10
         Potion            |     2 |       ||     2
 Armour: Leather armour    |     6 |    22 ||    28
  Dodge: Dodged            |    34 |    58 ||    92
